AoeStats
← cmorehouse

Nomad

507414112Analyzed
3v3 RM · 13d ago on Sep 18, 2026· 45m 34s· 6 players
Game mode
Random Map
Map size
210×210
Population
200
Speed
Normal
Resources
Standard
Victory
Conquest
Starting age
Dark Age
Ending age
Imperial Age
RankedLock teamsTeams togetherTeam positionsShared explorationLock speedFull tech treeHidden civsTurbo modeCheats
Victory
Defeat
🇺🇸 Berbers · United States
1263
+10
🇺🇸 Japanese · United States
1263
+10
🇺🇸 Spanish · United States
1227
+20
🇲🇽 Lithuanians · Mexico
1146
-11
🇭🇰 Spanish · Hong Kong SAR China
1139
-11
🇦🇷 Persians · Argentina
1124
-10
Barba_Tiesa
8:07 Loom
12:58 Feudal Age
18:20 Castle Age
16:43 Scale Barding Armor
16:21 Fishing Lines
17:28 Bloodlines
17:12 Town Watch
17:13 Double-Bit Axe
20:11 Gold Mining
21:47 Fletching
24:18 Guard Tower
24:50 Ballistics
32:41 Wheelbarrow
37:52 Hill Forts
DeMar
5:31 Loom
13:55 Feudal Age
18:05 Castle Age
17:08 Double-Bit Axe
19:31 Bow Saw
19:18 Horse Collar
34:17 Imperial Age
33:58 Forging
33:49 Padded Archer Armor
35:34 Iron Casting
34:49 Fletching
34:59 Scale Mail Armor
35:05 Scale Barding Armor
36:05 Wheelbarrow
36:26 Bloodlines
38:57 Pikeman
39:37 Squires
40:24 Husbandry
40:42 Cavalier
41:19 Halberdier
41:50 Elite Skirmisher
43:22 Leather Archer Armor
43:02 Bodkin Arrow
44:41 Blast Furnace
43:57 Chain Mail Armor
43:30 Arson
45:33 Ring Archer Armor
45:24 Chain Barding Armor
45:05 Bracer
GUASON_
3:39 Loom
14:14 Feudal Age
18:28 Castle Age
17:09 Double-Bit Axe
17:27 Horse Collar
19:44 Town Watch
20:15 Bow Saw
22:19 Fletching
28:08 Bodkin Arrow
27:55 Elite Skirmisher
29:54 Padded Archer Armor
30:25 Ballistics
32:07 Leather Archer Armor
45:54 Imperial Age
cmorehouse
6:41 Loom
13:31 Feudal Age
17:51 Castle Age
30:23 Husbandry
30:34 Bloodlines
36:10 Double-Bit Axe
40:37 Bow Saw
41:05 Wheelbarrow
42:27 Hand Cart
42:32 Horse Collar
48:32 Imperial Age
MizD
13:23 Feudal Age
17:38 Castle Age
16:49 Scale Barding Armor
16:52 Gold Mining
17:30 Bloodlines
19:31 Forging
26:57 Iron Casting
31:55 Town Watch
32:07 Double-Bit Axe
33:33 Wheelbarrow
32:45 Loom
34:01 Husbandry
34:27 Bow Saw
33:59 Horse Collar
36:07 Chain Barding Armor
36:45 Hand Cart
42:25 Imperial Age
40:41 Heavy Plow
41:27 Fletching
42:19 Gold Shaft Mining
43:48 Plate Barding Armor
42:35 Heavy Camel Rider
42:36 Cavalier
43:45 Conscription
kyles.jav
13:23 Feudal Age
17:10 Castle Age
15:34 Double-Bit Axe
15:31 Horse Collar
16:42 Fletching
16:54 Padded Archer Armor
17:03 Loom
17:55 Wheelbarrow
19:06 Bow Saw
19:30 Gold Mining
21:37 Husbandry
22:35 Bodkin Arrow
29:43 Ballistics
32:54 Squires
33:11 Leather Archer Armor
33:05 Stone Mining
34:05 Thumb Ring
37:13 Yasama
37:09 Guard Tower
40:37 Imperial Age
38:39 Scale Mail Armor
39:06 Murder Holes
39:22 Masonry
39:37 Bloodlines
40:34 Chain Mail Armor
41:19 Bracer
41:46 Parthian Tactics
41:39 Heavy Cavalry Archer
43:24 Ring Archer Armor
45:13 Chemistry
Connection lost

Rejoining the realm…

Still unreachable

The connection could not be restored.

Session expired

The server has moved on; the page needs a fresh start.